 Dungeon Crawl Stone Soup version 0.29-a0-371-g91724d5b39 (webtiles) character file.

Game seed: 11460730573378217087

125 garrulousMonolith the Magician (level 5, -2/37 HPs)
             Began as a Gnoll Hedge Wizard on May 3, 2022.
             Slain by Sigmund
             ... wielding a +0 scythe
              (7 damage)
             ... on level 3 of the Dungeon.
             The game lasted 00:04:15 (2651 turns).

garrulousMonolith the Magician (Gnoll Hedge Wizard) Turns: 2651, Time: 00:04:15

Health: -2/37      AC:  6    Str:  9    XL:     5   Next: 9%
Magic:  2/14       EV: 13    Int: 16    God:
Gold:   77         SH:  0    Dex: 11    Spells: 10/18 levels left

rFire   . . .      SeeInvis .   a - +0 dagger
rCold   . . .      Faith    .   (no shield)
rNeg    . . .      Spirit   .   b - +0 robe
rPois   .          Reflect  .   r - +1 helmet
rElec   .          Harm     .   e - +1 cloak
rCorr   .          Rampage  .   (no gloves)
Will    .....                   (no boots)
Stlth   ++........              (no amulet)
HPRegen 0.12/turn               (no ring)
MPRegen 0.14/turn               (no ring)

@: brilliant, flying
A: fangs 1, strong nose, distributed training
a: no special abilities


You were on level 3 of the Dungeon.
You visited 1 branch of the dungeon, and saw 3 of its levels.

You collected 101 gold pieces.
You spent 24 gold pieces at shops.

Inventory:

Hand Weapons
 a - a +0 dagger (weapon)
 q - a +0 hunting sling
Missiles
 i - 8 poisoned darts (quivered)
Armour
 b - a +0 robe (worn)
 c - a +0 hat
 e - a +1 cloak (worn)
 r - a +1 helmet (worn)
Magical Staves
 s - a staff of poison
Scrolls
 h - a scroll of fear {unknown}
 j - a scroll of amnesia {unknown}
 o - a scroll of fog {unknown}
 p - a scroll of teleportation {unknown}
Potions
 f - a potion of attraction
 l - a potion of brilliance
 m - a potion of ambrosia {unknown}
 n - a potion of cancellation {unknown}


   Skills:
 + Level 1.3 Fighting
 + Level 1.3 Short Blades
 + Level 1.3 Long Blades
 + Level 1.3 Axes
 + Level 1.3 Maces & Flails
 + Level 1.3 Polearms
 + Level 1.3 Staves
 + Level 1.3 Slings
 + Level 1.3 Bows
 + Level 1.3 Crossbows
 + Level 1.3 Throwing
 + Level 1.3 Armour
 + Level 4.7 Dodging
 + Level 4.3 Stealth
 + Level 1.3 Shields
 + Level 1.3 Unarmed Combat
 + Level 7.2 Spellcasting
 + Level 2.3 Conjurations
 + Level 1.1 Hexes
 + Level 2.3 Summonings
 + Level 1.1 Necromancy
 + Level 2.3 Translocations
 + Level 1.1 Transmutations
 + Level 1.1 Fire Magic
 + Level 1.1 Ice Magic
 + Level 1.1 Air Magic
 + Level 1.1 Earth Magic
 + Level 1.1 Poison Magic
 + Level 1.5 Invocations
 + Level 1.3 Evocations


You had 10 spell levels left.
You knew the following spells:

 Your Spells              Type           Power      Damage    Failure   Level
a - Magic Dart            Conj           80%        1d7       4%          1
b - Call Imp              Summ           20%        N/A       7%          2
c - Blink                 Tloc           40%        N/A       7%          2
d - Mephitic Cloud        Conj/Pois/Air  16%        N/A       19%         3

Your spell library contained the following spells:

 Spells                   Type           Power      Damage    Failure   Level
 Slow                     Hex            56%        N/A       8%          1
 Conjure Flame            Conj/Fire      17%        6-21      19%         3


Dungeon Overview and Level Annotations

Branches:
Dungeon (3/15)

Altars:

Shops:
D:1 =[   D:2 ?

Annotations:
D:3 Sigmund


Innate Abilities, Weirdness & Mutations

You have very sharp teeth.
Your uncanny sense of smell can sniff out nearby items.
Your experience applies equally to all skills.


Message History

Your shadow imp closely misses Sigmund.
Sigmund hits you but does no damage.
Your shadow imp barely misses Sigmund.
It was a potion of brilliance.
You feel clever all of a sudden.
You feel stable enough to blink again.
Your shadow imp closely misses Sigmund.
Casting: Call Imp (safe; 7% risk of failure)
Confirm with . or Enter, or press ? or * to list all spells.
Okay, then.
Casting: Call Imp (safe; 7% risk of failure)
Confirm with . or Enter, or press ? or * to list all spells.
Aiming: Magic Dart (safe; 4% risk of failure)
Press: ? - help, Shift-Dir - straight line, f - Sigmund
Aim: Sigmund, wielding a +0 scythe and wearing a +0 robe (lightly wounded, ally target, 100% to hit)
You feel a surge of power!
The magic dart hits Sigmund.
Sigmund is moderately wounded.
Sigmund misses you.
Your shadow imp completely misses Sigmund.
a - a +0 dagger (weapon)
Sigmund closely misses you.
Your shadow imp misses Sigmund.
You hit Sigmund.
Sigmund is moderately wounded.
Your shadow imp hits Sigmund.
Sigmund barely misses your shadow imp.
You hit Sigmund.
Sigmund is heavily wounded.
Your shadow imp hits Sigmund but does no damage.
You hit Sigmund but do no damage.
Sigmund is heavily wounded.
Sigmund barely misses you.
Your shadow imp closely misses Sigmund.
You closely miss Sigmund.
Sigmund is heavily wounded.
Your shadow imp hits Sigmund.
You hit Sigmund.
Sigmund is severely wounded.
Sigmund gestures wildly while chanting.
Sigmund flickers and vanishes!
Deactivating autopickup; reactivate with Ctrl-A.
You hit something. Something hits you.
* * * LOW HITPOINT WARNING * * *
You hit something but do no damage. Something hits you!
You die...

###.##...#
##.....#.#############
.†).............{..{.##
.#.####......@B5...B..#
.#.# ##.###########..#
.#.# #.# #5.# .#.# #.#
######..# .#.# #.#
#...##..# .#.# #.#
###>@.....####### .#.#
#.####.<5{....<.......
...
....!..........#######
###.##.##.###..# # #.
#.# #..# .. #.# #..#
### #.# #..# #.# #..#
.# #!.#


You could see a friendly shadow imp (summoned).

Vanquished Creatures
  Natasha (D:3)
  An orc wizard (D:2)
  2 adders (D:2)
  A worm (D:2)
  2 dart slugs
  An orc (D:3)
  4 ball pythons
  3 endoplasms (D:1)
  6 giant cockroaches
  2 goblins
  A hobgoblin (D:1)
  A jackal (D:1)
  6 kobolds
  2 quokkas
  6 bats
  4 frilled lizards
  2 rats
45 creatures vanquished.

Vanquished Creatures (collateral kills)
  A giant cockroach (D:2)
  3 jackals (D:1)
4 creatures vanquished.

Grand Total: 49 creatures vanquished

Notes
Turn   | Place    | Note
-------+----------+-------------------------------------------
     0 | D:1      | garrulousMonolith the Gnoll Hedge Wizard began the quest
                  | for the Orb.
     0 | D:1      | Reached XP level 1. HP: 13/13 MP: 8/8
    79 | D:1      | Found Boybiwn's Antique Armour Boutique.
   162 | D:1      | Reached XP level 2. HP: 15/19 MP: 2/10
   227 | D:1      | Learned a level 2 spell: Call Imp
   230 | D:1      | Learned a level 2 spell: Blink
   626 | D:1      | Found Feur's Jewellery Emporium.
   740 | D:1      | Reached XP level 3. HP: 25/25 MP: 6/11
   744 | D:1      | Learned a level 3 spell: Mephitic Cloud
  1209 | D:2      | Reached skill level 1 in Invocations
  1430 | D:2      | Reached skill level 1 in Fighting
  1430 | D:2      | Reached skill level 1 in Short Blades
  1430 | D:2      | Reached skill level 1 in Long Blades
  1430 | D:2      | Reached skill level 1 in Axes
  1430 | D:2      | Reached skill level 1 in Maces & Flails
  1430 | D:2      | Reached skill level 1 in Polearms
  1430 | D:2      | Reached skill level 1 in Staves
  1430 | D:2      | Reached skill level 1 in Slings
  1430 | D:2      | Reached skill level 1 in Bows
  1430 | D:2      | Reached skill level 1 in Crossbows
  1430 | D:2      | Reached skill level 1 in Throwing
  1430 | D:2      | Reached skill level 1 in Armour
  1430 | D:2      | Reached skill level 1 in Shields
  1430 | D:2      | Reached skill level 1 in Unarmed Combat
  1430 | D:2      | Reached skill level 1 in Evocations
  1662 | D:2      | Found Ustruttuwn's Magic Scroll Boutique.
  1669 | D:2      | Bought a scroll of identify for 24 gold pieces
  1700 | D:2      | Reached XP level 4. HP: 32/32 MP: 3/13
  2133 | D:3      | Noticed Sigmund
  2294 | D:3      | Noticed Natasha
  2301 | D:3      | Killed Natasha
  2302 | D:3      | Reached skill level 1 in Hexes
  2302 | D:3      | Reached skill level 1 in Necromancy
  2302 | D:3      | Reached skill level 1 in Transmutations
  2302 | D:3      | Reached skill level 1 in Fire Magic
  2302 | D:3      | Reached skill level 1 in Ice Magic
  2302 | D:3      | Reached skill level 1 in Air Magic
  2302 | D:3      | Reached skill level 1 in Earth Magic
  2302 | D:3      | Reached skill level 1 in Poison Magic
  2340 | D:2      | Reached XP level 5. HP: 8/37 MP: 4/14
  2651 | D:3      | Slain by Sigmund

Illustrated notes

Levels and vault maps discovered:
D:1:      dreamdust_arrival_sigmund_warning, layout_basic, serial_shops, shop,
          shop
D:2:      layout_basic, serial_shops, shop_fountains
D:3:      layout_loops_ring, hellmonk_ecumenical_altar_dog_temple, uniq_sigmund,
          uniq_natasha

Skill      XL: |  1  2  3  4 |
---------------+-------------+-----
Conjurations   | 2 |  2.3
Summonings     | 2 |  2.3
Translocations | 2 |  2.3
Invocations    | 1 |  1.5
Fighting       | 1 |  1.3
Short Blades   | 1 |  1.3
Long Blades    | 1 |  1.3
Axes           | 1 |  1.3
Maces & Flails | 1 |  1.3
Polearms       | 1 |  1.3
Staves         | 1 |  1.3
Slings         | 1 |  1.3
Bows           | 1 |  1.3
Crossbows      | 1 |  1.3
Throwing       | 1 |  1.3
Armour         | 1 |  1.3
Shields        | 1 |  1.3
Unarmed Combat | 1 |  1.3
Evocations     | 1 |  1.3
Hexes          | 1 |  1.1
Necromancy     | 1 |  1.1
Transmutations | 1 |  1.1
Fire Magic     | 1 |  1.1
Ice Magic      | 1 |  1.1
Air Magic      | 1 |  1.1
Earth Magic    | 1 |  1.1
Poison Magic   | 1 |  1.1
Dodging        | |  4.7
Stealth        | |  4.3
Spellcasting   | |  7.2

Action                   |  1- 3 |  4- 6 || total
-------------------------+-------+-------++-------
Melee: Dagger            |    11 |    15 ||    26
       Bite              |     2 |     1 ||     3
       Punch             |     1 |       ||     1
       Staff             |       |     2 ||     2
 Cast: Magic Dart        |    98 |    38 ||   136
       Call Imp          |     4 |    11 ||    15
       Blink             |       |     1 ||     1
  Use: Scroll            |     2 |       ||     2
       Potion            |       |     4 ||     4
Armor: Robe              |    13 |    33 ||    46
Dodge: Dodged            |    25 |    53 ||    78

Table legend: (Time is in decaauts)
 A = Elapsed time spent in this place.
 B = Non-inter-level travel time spent in this place.
 C = Inter-level travel time spent in this place.
 D = Time resting spent in this place.
 E = Time spent auto-exploring this place.
 F = Levels seen in this place.
 G = Mean time per level.
                   A        B        C        D        E       F      G
               +--------+--------+--------+--------+--------+-----+--------+
         Total |   2650 |   2541 |    109 |    603 |   1524 |   3 |  883.3 |
       Dungeon |   2650 |   2541 |    109 |    603 |   1524 |   3 |  883.3 |
               +--------+--------+--------+--------+--------+-----+--------+

Top non-repeatable levels by time:
     D:2: 1368 daAuts
     D:1: 1155 daAuts
     D:3: 126 daAuts
